 Dungeon Crawl Stone Soup version 0.27-a0-1359-ga2a4dfd6fd (webtiles) character file.

Game seed: 2885060449255362451

6895 ABBCCCDDDD the Cleaver (level 10, -8/97 HPs)
             Began as a Minotaur Berserker on June 28, 2021.
             Was an Elder of Trog.
             Mangled by a two-headed ogre (20 damage)
             ... on level 9 of the Dungeon.
             The game lasted 00:10:27 (10810 turns).

ABBCCCDDDD the Cleaver (Minotaur Berserker)        Turns: 10810, Time: 00:10:28

Health: -8/97      AC: 16    Str: 31    XL:     10   Next: 79%
Magic:  9/9        EV: 10    Int:  4    God:    Trog [****..]
Gold:   382        SH:  0    Dex: 10    Spells: 9/9 levels left

rFire    . . .     SeeInvis +   G - +0 broad axe
rCold    . . .     Faith    .   (no shield)
rNeg     . . .     Spirit   .   s - +0 plate armour
rPois    .         Reflect  .   (helmet restricted)
rElec    .         Harm     .   C - scarf {repulsion}
rCorr    .         Rampage  .   v - +0 pair of gloves
Will     .....                  q - +0 pair of boots
Stlth    ..........             (no amulet)
HPRegen  0.26/turn              u - ring of see invisible
MPRegen  0.11/turn              z - +6 ring of strength

@: repel missiles
A: horns 2, retaliatory headbutt
a: Renounce Religion, Berserk, Trog's Hand, Brothers in Arms


You were on level 9 of the Dungeon.
You worshipped Trog.
Trog was greatly pleased with you.
You visited 2 branches of the dungeon, and saw 10 of its levels.

You collected 487 gold pieces.
You spent 105 gold pieces at shops.

Inventory:

Hand Weapons
 G - a +0 broad axe (weapon)
Missiles
 B - 8 curare-tipped darts
Armour
 q - a +0 pair of boots (worn)
 s - a +0 plate armour (worn)
 v - a +0 pair of gloves (worn)
 C - a scarf of repulsion (worn)
 D - a scarf of resistance
 I - the +0 pair of gloves of Rited {Int+9}
   (You found it on level 9 of the Dungeon)

   Int:       It affects your intelligence (+9).
Jewellery
 a - a ring of protection from fire
 i - a ring of magical power
 u - a ring of see invisible (left hand)
 z - a +6 ring of strength (right hand)
 J - a +6 ring of intelligence
Wands
 p - a wand of flame (60)
 E - a wand of paralysis (9)
Scrolls
 d - 2 scrolls of brand weapon {unknown}
 f - 5 scrolls of teleportation
 g - a scroll of immolation {unknown}
 h - 2 scrolls of vulnerability {unknown}
 j - a scroll of summoning {unknown}
 l - 8 scrolls of identify {unknown}
 m - a scroll of holy word {unknown}
 o - a scroll of fear {unknown}
 r - a scroll of enchant weapon {unknown}
 t - 2 scrolls of acquirement {unknown}
 w - a scroll of magic mapping {unknown}
 y - a scroll of enchant armour {unknown}
Potions
 b - 6 potions of attraction
 c - 3 potions of lignification {unknown}
 e - a potion of ambrosia {unknown}
 k - 3 potions of degeneration
 n - 5 potions of curing
 x - a potion of magic {unknown}
 A - a potion of brilliance {unknown}
 F - a potion of might {unknown}
 H - a potion of resistance {unknown}
 K - a potion of cancellation {unknown}


   Skills:
 * Level 11.8 Fighting
 * Level 11.9 Axes
 + Level 8.4 Armour
 + Level 7.6 Dodging


You had 9 spell levels left.
You didn't know any spells.
Your spell library was empty.

Dungeon Overview and Level Annotations

Branches:
Dungeon (9/15)             Temple (0/1) D:4            Lair (0/6) D:8
    Orc (1/2) D:9

Altars:
Gozag
Hepliaklqana
Qazlal
Wu Jian
Zin

Shops:
D:5 !


Innate Abilities, Weirdness & Mutations

You have a pair of horns on your head.
You reflexively headbutt those who attack you in melee.


Message History

The orc warrior hits you but does no damage.
The orc warrior moves out of view.
You closely miss the orc warrior.
You hit the orc warrior but do no damage.
You headbutt the orc warrior.
The orc warrior is moderately wounded.
You slash the orc warrior!
The orc warrior is severely wounded.
You hit the orc warrior.
The orc warrior hits you with a +0 battleaxe.
The orc warrior hits you with a +0 scimitar.
You hit the orc warrior but do no damage.
The orc warrior is severely wounded.
You hit the orc warrior but do no damage.
The orc warrior hits you with a +0 battleaxe!
The orc warrior completely misses you.
The orc warrior hits you with a +0 scimitar!
The orc warrior hits you with a +0 battleaxe!
The orc warrior hits you but does no damage.
The orc priest looks braver for a moment.
A two-headed ogre comes into view.
It is wielding a +0 giant club and a +0 giant spiked club.
The two-headed ogre shouts in stereo!
The two-headed ogre hits you with a +0 giant club!
The two-headed ogre hits you with a +0 giant spiked club!
The two-headed ogre closely misses you.
The two-headed ogre hits you with a +0 giant spiked club.
An orc comes into view. It is wielding a +0 short sword.
An orc comes into view.
It is wielding a +2 war axe of freezing.
The two-headed ogre barely misses you.
The two-headed ogre hits you with a +0 giant spiked club!!
* * * LOW HITPOINT WARNING * * *
There is a staircase back to the Dungeon, spattered with blood here.
The orc warrior barely misses you.
The orc warrior hits you but does no damage.
You climb upwards.
Welcome back to the Dungeon!
There is a staircase to the Orcish Mines here.
The two-headed ogre hits you with a +0 giant club.
* * * LOW HITPOINT WARNING * * *
The two-headed ogre hits you with a +0 giant spiked club!!
You die...

.)))# #......# #.### ....####
#..)...# ##'####
.......####......#### #.....####
...(##....'......'..####.....##..
....#######......#....##.....'..#
....# #.....[#.##.##.....####
....# ######[....####....# #####
#.....8.....#....#
##...@.......#'####
##....O..........#
####..8....o....8...#
########...'.............#.#
.........####...........##'######
########## #.....8.....#........
#####.....####........
#....##.####.......... #.......#
#....).....


You could see a two-headed ogre and an orc warrior.

Vanquished Creatures
  A two-headed ogre (D:8)
  Pikel (D:9)
  Joseph (D:9)
  A gargoyle (D:8)
  An unseen horror (D:9)
  Maggie (D:9)
  A troll (D:8)
  A hornet (D:4)
  2 water moccasins
  3 orc warriors
  2 hornet zombies
  3 sky beasts (D:6)
  4 black bears
  An ogre (D:6)
  4 wolves (D:8)
  2 lemures (D:9)
  2 centaurs (D:9)
  A kobold brigand (D:9)
  3 bullfrogs
  3 wyvern zombies
  A scorpion (D:7)
  6 killer bees
  12 wights
  A howler monkey (D:6)
  5 electric eels (D:8)
  A bullfrog zombie (D:5)
  5 hounds
  2 gnoll shamans
  An orc priest (D:8)
  3 jellies
  3 iguanas
  Natasha (thrice) (D:2)
  3 orc wizards (D:9)
  A scorpion zombie (D:5)
  A hound skeleton (D:4)
  A howler monkey zombie (D:9)
  10 gnolls
  11 adders
  3 shadow imps (D:7)
  A white imp (D:5)
  3 worms
  2 dart slugs (D:1)
  14 orcs
  7 bats
  6 endoplasms
  2 giant cockroaches
  8 goblins
  5 hobgoblins
  4 jackals (D:5)
  8 kobolds
  A quokka (D:4)
  6 ball pythons
  2 frilled lizards
  7 rats
187 creatures vanquished.

Notes
Turn   | Place    | Note
-------+----------+-------------------------------------------
     0 | D:1      | ABBCCCDDDD the Minotaur Berserker began the quest for the
                  | Orb.
     0 | D:1      | Reached XP level 1. HP: 19/19 MP: 0/0
   212 | D:1      | Reached XP level 2. HP: 27/27 MP: 1/1
   592 | D:1      | Reached XP level 3. HP: 32/33 MP: 2/2
   674 | D:2      | Noticed Natasha
   680 | D:2      | Killed Natasha
   680 | D:2      | Reached ** piety under Trog
   747 | D:2      | Reached XP level 4. HP: 41/41 MP: 3/3
  1258 | D:2      | Noticed Natasha
  1267 | D:2      | Killed Natasha
  1484 | D:2      | Noticed Natasha
  1491 | D:2      | Killed Natasha
  1638 | D:3      | Reached XP level 5. HP: 47/47 MP: 4/4
  1654 | D:3      | Found a stormy altar of Qazlal.
  1695 | D:3      | Reached skill level 5 in Fighting
  1695 | D:3      | Reached skill level 5 in Axes
  2863 | D:4      | Noticed a hornet
  2869 | D:4      | Killed a hornet
  2870 | D:4      | Reached XP level 6. HP: 10/57 MP: 5/5
  3273 | D:4      | Found a hazy altar of Hepliaklqana.
  3501 | D:4      | Found a staircase to the Ecumenical Temple.
  3734 | D:5      | Entered Level 5 of the Dungeon
  3734 | D:5      | Found an opulent altar of Gozag.
  3765 | D:5      | Reached XP level 7. HP: 63/63 MP: 6/6
  3822 | D:5      | Reached *** piety under Trog
  4344 | D:5      | Found Gusuta's Distillery.
  4398 | D:5      | Bought a potion of curing for 45 gold pieces
  4398 | D:5      | Bought a potion of attraction for 45 gold pieces
  4398 | D:5      | Bought a potion of degeneration for 15 gold pieces
  5035 | D:6      | Reached skill level 5 in Armour
  5037 | D:6      | Reached XP level 8. HP: 66/73 MP: 7/7
  5507 | D:6      | Found an ornate altar of the Wu Jian Council.
  5580 | D:6      | Reached skill level 5 in Dodging
  6468 | D:7      | Reached XP level 9. HP: 82/82 MP: 8/8
  7248 | D:8      | Noticed a gargoyle
  7269 | D:8      | Killed a gargoyle
  7269 | D:8      | Reached **** piety under Trog
  7270 | D:8      | Reached skill level 10 in Axes
  7568 | D:8      | Reached skill level 10 in Fighting
  7784 | D:8      | Noticed a troll
  7807 | D:8      | Killed a troll
  7911 | D:8      | Found a staircase to the Lair.
  8145 | D:8      | Reached XP level 10. HP: 86/94 MP: 9/9
  8824 | D:8      | Noticed a two-headed ogre
  8830 | D:8      | Killed a two-headed ogre
  9812 | D:9      | Noticed Pikel
  9822 | D:9      | Killed Pikel
  9897 | D:9      | Noticed Maggie
  9903 | D:9      | Killed Maggie
 10096 | D:9      | Found a staircase to the Orcish Mines.
 10098 | D:9      | Noticed Joseph
 10108 | D:9      | Killed Joseph
 10188 | D:9      | Identified the +0 pair of gloves of Rited {Int+9}
 10489 | D:9      | Found a glowing silver altar of Zin.
 10750 | Orc:1    | Entered Level 1 of the Orcish Mines
 10785 | Orc:1    | Noticed an orc knight
 10800 | Orc:1    | Noticed a two-headed ogre
 10810 | D:9      | Mangled by a two-headed ogre

Illustrated notes

Levels and vault maps discovered:
D:1:      ebering_hopf_link, layout_loops_ring
D:2:      layout_loops_cross, uniq_natasha
D:3:      layout_basic, amcnicky_altar_gilded
D:4:      layout_loops_ring, nicolae_overflow_crystal_walls, temple_green
D:5:      layout_cave_pods, nicolae_gozag_cash_rules_everything_around_me,
          minmay_shop_grid_forest
D:6:      layout_loops_ring, nzn_wu_jian_contemplation, mrwooster_statue_mirror
D:7:      layout_rooms
D:8:      layout_loops_ring, erik_lair_island, kennysheep_flooded_box
D:9:      layout_roguey, zin_treasury, david_orc_2, st_stairs_13, uniq_joseph,
          uniq_maggie, uniq_pikel
Orc:1:    layout_diamond_mine, basic_altar

Skill      XL: |  1  2  3  4  5  6  7  8  9 10 |
---------------+-------------------------------+-----
Fighting       | 4 6 7 8 10 11 | 11.8
Axes           | 4 6 7 9 10 11 | 11.9
Armour         | 3 4 5 6 7 8 |  8.4
Dodging        | 3 4 5 6 7 |  7.6

Action                   |  1- 3 |  4- 6 |  7- 9 | 10-12 || total
-------------------------+-------+-------+-------+-------++-------
Melee: Hand axe          |    51 |    95 |   171 |       ||   317
       Headbutt          |    10 |    22 |    60 |    14 ||   106
       War axe           |       |       |    77 |    35 ||   112
       Broad axe         |       |       |       |    44 ||    44
Invok: Berserk           |     1 |     2 |     7 |     5 ||    15
  Use: Scroll            |       |       |       |     1 ||     1
 Stab: Sleeping          |     1 |       |       |       ||     1
Armor: Animal skin       |     1 |       |       |       ||     1
       Chain mail        |    30 |    40 |    43 |       ||   113
       Plate armour      |       |       |    94 |    41 ||   135
Dodge: Dodged            |    21 |    50 |    86 |    45 ||   202
       Repelled          |       |       |       |     1 ||     1

Table legend: (Time is in decaauts)
 A = Elapsed time spent in this place.
 B = Non-inter-level travel time spent in this place.
 C = Inter-level travel time spent in this place.
 D = Time resting spent in this place.
 E = Time spent auto-exploring this place.
 F = Levels seen in this place.
 G = Mean time per level.
                   A        B        C        D        E       F      G
               +--------+--------+--------+--------+--------+-----+--------+
         Total |  10956 |  10665 |    291 |   3247 |   6266 |  10 | 1095.6 |
       Dungeon |  10898 |  10607 |    291 |   3247 |   6234 |   9 | 1210.9 |
  Orcish Mines |     57 |     57 |      0 |      0 |     32 |   1 |   57.0 |
               +--------+--------+--------+--------+--------+-----+--------+

Top non-repeatable levels by time:
     D:8: 2624 daAuts
     D:6: 1442 daAuts
     D:5: 1279 daAuts
     D:4: 1185 daAuts
     D:3: 1016 daAuts
     D:9: 975 daAuts
     D:2: 927 daAuts
     D:7: 793 daAuts
     D:1: 655 daAuts
   Orc:1: 57 daAuts
